 Dungeon Crawl Stone Soup version 0.31-a0-865-g3d5d91748a (webtiles) character file.

Game seed: 13059292041329683274

28 kae the Vexing (level 2, -1/19 HPs)
             Began as a Demonspawn Enchanter on Oct 10, 2023.
             Slain by an adder (3 damage)
             ... on level 2 of the Dungeon.
             The game lasted 00:00:31 (988 turns).

kae the Vexing (Demonspawn Enchanter)                Turns: 988, Time: 00:00:32

Health: -1/19      AC:  2    Str:  8    XL:     2   Next: 96%
Magic:  5/5        EV: 12    Int: 16    God:
Gold:   30         SH:  0    Dex: 13    Spells: 5/5 levels left

rFire   . . .        j - +1 dagger (pain)
rCold   . . .        (no shield)
rNeg    . . .        b - +0 robe
rPois   .            (no helmet)
rElec   .            (no cloak)
rCorr   .            (no gloves)
SInv    .            (no boots)
Will    .....        (no amulet)
Stlth   ++           (no ring)
HPRegen 0.23/turn    (no ring)
MPRegen 0.09/turn

%: no passive effects
@: lethally poisoned (-1 -> -4)
A: spiny 1
a: no special abilities


You were on level 2 of the Dungeon.
You visited 1 branch of the dungeon, and saw 2 of its levels.

You collected 30 gold pieces.


Innate Abilities, Weirdness & Mutations

You are partially covered in sharp spines.


   Skills:
 * Level 1.5 Short Blades
 + Level 2.0 Dodging
 + Level 2.9 Stealth
 + Level 2.1 Spellcasting
 * Level 3.3 Hexes


You had 5 spell levels left.
You didn't know any spells.
Your spell library contained the following spells:

 Spells                   Type           Power      Damage    Failure   Level
 Ensorcelled Hibernation  Hex/Ice        14%        N/A       16%         2
 Confusing Touch          Hex            12%        N/A       16%         3
 Tukima's Dance           Hex            12%        N/A       16%         3
 Dazzling Flash           Conj/Hex       14%        N/A       30%         3

Inventory:

Hand Weapons
 a - a +1 dagger
 j - a +1 dagger of pain (weapon)
   (You took it off a kobold on level 1 of the Dungeon)
Missiles
 e - 16 stones
Armour
 b - a +0 robe (worn)
Scrolls
 d - a scroll of fog {unknown}
 f - 2 scrolls of torment {unknown}
 h - a scroll of identify {unknown}
Potions
 c - 2 potions of invisibility
 g - 3 potions of magic {unknown}
 i - a potion of mutation {unknown}

Dungeon Overview and Level Annotations

Branches:
Dungeon (2/15) Zot: 11015

Altars:

############### .
#..<..........# #.#
#.......### #.# ...#
#.#####.#####.# .....
#.##...†...##.##......
#.##.##.##.##.@S......
#.##.##.##.##..#......
#..............# .....
##.....######### ...#
##...## .## ##.## #
#.# #.# #.#


You could see an adder.


Message History

You see here a jackal corpse. 😱 HP[+1]
You start resting. 😕 HP[+13]
You regained 13 hp, and now have 16/19 hp.
You see here a jackal corpse.
You now have 24 gold pieces (gained 7).
A goblin comes into view. It is wielding a +0 club. 😎 HP[+3]
Your hp is fully restored (19).
A goblin is nearby!
A goblin is nearby!
The goblin misses you.
A goblin is nearby!
You hit the goblin but do no damage. The goblin is struck by your spines.
You kill the goblin!
No target in view!
You see here a jackal skeleton.
You see here a jackal corpse.
You see here a +0 quarterstaff.
You see here a +0 club.
There is an open door here.
Found a stone staircase leading down.
Key pressed, stopping explore.
No target in view!
No target in view!
Key pressed, stopping explore.
No target in view!
No target in view!
Done exploring.
Done exploring.
No target in view!
No target in view!
Done exploring.
No target in view!
No target in view!
Done exploring.
Search for what [? for help]? dag You see here a +1 dagger of pain.
j - a +1 dagger of pain You have a feeling of ineptitude.
j - a +1 dagger of pain (weapon)
There is a stone staircase leading down here.
You climb downwards.
There is a stone staircase leading up here.
A worm comes into view.
The helpless worm fails to defend itself.
You puncture the worm!
A worm is nearby!
A worm is nearby!
You hit the worm.
You kill the worm!
No target in view!
You see here a worm corpse.
You now have 30 gold pieces (gained 6).
Key pressed, stopping explore.
No target in view!
No target in view!
An adder comes into view.
The adder hisses angrily.
No target in view!
No target in view!
No target in view!
An adder is nearby!
The adder bites you.
You are poisoned.
The adder poisons you! The adder is struck by your spines.
The adder misses you.
You hit the adder.
You feel sick. The adder is struck by your spines.
The adder bites you but does no damage. 😮 HP[-5]
You take 5 damage, and now have 14/19 hp.
MASSIVE DAMAGE!! (PAUSE)
You miss the adder.
You feel sick. The adder is struck by your spines.
The adder bites you. 😮 HP[-4]
You take 4 damage, and now have 10/19 hp.
MASSIVE DAMAGE!! (PAUSE)
You hit the adder.
You feel sick. The adder bites you.
* * * LOW HITPOINT WARNING * * *
You are lethally poisoned!
The adder poisons you! 😨 HP[-4]
You take 4 damage, and now have 6/19 hp.
MASSIVE DAMAGE!! (PAUSE)
You closely miss the adder.
* * * LOW HITPOINT WARNING * * *
You feel sick. The adder barely misses you. 😱 HP[-2]
You take 2 damage, and now have 4/19 hp.
You hit the adder but do no damage.
* * * LOW HITPOINT WARNING * * *
You feel sick.
The adder bites you but does no damage. 😱 HP[-1]
You take 1 damage, and now have 3/19 hp.
Unknown command.
You hit the adder.
* * * LOW HITPOINT WARNING * * *
You feel sick. The adder is struck by your spines. The adder bites you.
You die...

Skill      XL: |  1  2 |
---------------+-------+-----
Short Blades   | 1 |  1.5
Dodging        | 2 |  2.0
Stealth        | |  2.9
Spellcasting   | |  2.1
Hexes          | |  3.3

Action                     || total
---------------------------++-------
  Melee: Dagger            ||    63
   Stab: Sleeping          ||     5
 Armour: Robe              ||    44
  Dodge: Dodged            ||    22

Levels and vault maps discovered:
D:1:      dpeg_arrival_lava_temple_mockup, layout_basic,
          hangedman_abyss_or_decor_stabs
D:2:      layout_loops_cross, uniq_jessica

Notes
Turn   | Place    | Note
-------+----------+-------------------------------------------
     0 | D:1      | kae the Demonspawn Enchanter began the quest for the Orb.
     0 | D:1      | Reached XP level 1. HP: 13/13 MP: 3/3
     0 | D:1      | magus.rc [v1.11.3]
    84 | D:1      | Reached skill level 1 in Short Blades
   254 | D:1      | Gained mutation: You are partially covered in sharp spines.
                  | [demonic ancestry]
   254 | D:1      | Reached XP level 2. HP: 12/19 MP: 5/5
   427 | D:1      | Reached skill level 2 in Dodging
   623 | D:1      | HP: 4/19 [jackal (3)]
   986 | D:2      | HP: 4/19 [poisoned by an adder]
   988 | D:2      | Slain by an adder

Vanquished Creatures
  A worm (D:2)
  2 endoplasms (D:1)
  3 goblins (D:1)
  2 hobgoblins (D:1)
  5 jackals (D:1)
  A kobold (D:1)
  A quokka (D:1)
  A ball python (D:1)
  2 bats (D:1)
  2 frilled lizards (D:1)
  2 rats (D:1)
22 creatures vanquished.

Table legend:
 A = Non-vault XP
 B = Vault XP
 C = Vault XP percentage of total XP
 D = Non-vault monster count
 E = Vault monster count
 F = Vault count percentage of total count
                 A         B        C        D         E       F
            +---------+---------+-------+---------+---------+-------
      Total |      40 |       0 |   0.0 |      22 |       0 |   0.0
            +---------+---------+-------+---------+---------+-------
        D:1 |      35 |       0 |   0.0 |      21 |       0 |   0.0
        D:2 |       5 |       0 |   0.0 |       1 |       0 |   0.0
            +---------+---------+-------+---------+---------+-------

Skill      XL: |  1  2 |
---------------+-------+-----
Short Blades   | 1 |  1.5
Dodging        | 2 |  2.0
Stealth        | |  2.9
Spellcasting   | |  2.1
Hexes          | |  3.3

Action                     || total
---------------------------++-------
  Melee: Dagger            ||    63
   Stab: Sleeping          ||     5
 Armour: Robe              ||    44
  Dodge: Dodged            ||    22

Illustrated notes

Table legend:
 A = Kills in this place as a percentage of kills in the entire game.
 B = Kills by you in this place as a percentage of kills by you in the entire game.
 C = Kills by friends in this place as a percentage of kills by friends in the entire game.
 D = Other kills in this place as a percentage of other kills in the entire game.
 E = Experience gained in this place as a percentage of experience gained in the entire game.
 F = Experience gained in this place divided by the number of levels of this place that you have seen.
                   A       B       C       D       E      F
               +-------+-------+-------+-------+-------+----------------------
         Total | 100.0 | 100.0 |   N/A |   N/A | 100.0 |  20.0
       Dungeon | 100.0 | 100.0 |   N/A |   N/A | 100.0 |  20.0
               +-------+-------+-------+-------+-------+----------------------

Table legend: (Time is in decaauts)
 A = Elapsed time spent in this place.
 B = Non-inter-level travel time spent in this place.
 C = Inter-level travel time spent in this place.
 D = Time resting spent in this place.
 E = Time spent auto-exploring this place.
 F = Levels seen in this place.
 G = Mean time per level.
                   A        B        C        D        E       F      G
               +--------+--------+--------+--------+--------+-----+--------+
         Total |    983 |    942 |     41 |     85 |    710 |   2 |  491.5 |
       Dungeon |    983 |    942 |     41 |     85 |    710 |   2 |  491.5 |
               +--------+--------+--------+--------+--------+-----+--------+

Top non-repeatable levels by time:
     D:1: 945 daAuts
     D:2: 38 daAuts
